 Dungeon Crawl Stone Soup version 0.31-a0-986-g5e6e4ef867 (webtiles) character file.

Game seed: 9050304654936872788

108 Maxmaps the Covert (level 4, -10/31 HPs)
             Began as an Octopode Delver on Nov 7, 2023.
             Mangled by a mummy (16 damage)
             ... in an ossuary.
             The game lasted 00:00:59 (335 turns).

Maxmaps the Covert (Octopode Delver)                 Turns: 335, Time: 00:01:00

Health: -10/31     AC:  1    Str: 11    XL:     4   Next: 87%
Magic:  4/4        EV: 13    Int: 14    God:
Gold:   46         SH:  0    Dex: 13    Spells: 3/3 levels left

rFire   . .          .
                       - Unarmed
rCold   . . .        (no shield)
rNeg    . . .        (helmet restricted)
rPois   .            (no amulet)
rElec   .            (no ring)
rCorr   .            (no ring)
SInv    .            (no ring)
Will    .....        (no ring)
Stlth   +++++        (no ring)
HPRegen 0.25/turn    (no ring)
MPRegen 0.09/turn    (no ring)
                     (no ring)

%: no passive effects
@: hasted, very quick
A: almost no armour, amphibious, 8 rings, camouflage 1, gelatinous body 1,
(nimble swimmer 1), tentacles
a: no special abilities


You were in an ossuary.
You visited 1 branch of the dungeon, and saw 2 of its levels.
You also visited: Ossuary.

You collected 46 gold pieces.

Inventory:

Wands
 e - a wand of digging (3)
Scrolls
 a - a scroll of fog
 b - a scroll of revelation
 c - a scroll of fear
 g - a scroll of enchant armour {unknown}
Potions
 f - 2 potions of curing


   Skills:
 - Level 3.0 Fighting
 - Level 2.0 Dodging
 + Level 9.3 Stealth
 - Level 2.0 Unarmed Combat


You had 3 spell levels left.
You didn't know any spells.
Your spell library was empty.

Dungeon Overview and Level Annotations

Branches:
Dungeon (5/15)            Ossuary (1/1)
 Temple: D:4-7

Altars:
Zin


Innate Abilities, Weirdness & Mutations

You cannot wear most types of armour.
You are amphibious.
You can wear up to eight rings at the same time.
Your skin changes colour to match your surroundings (Stealth+).
Your rubbery body absorbs attacks. (AC +1, EV +1)
((You are camouflaged when in or above water. (Stealth+)))
You have tentacles for arms and can constrict up to eight enemies at once.


Message History

You constrict the mummy. You tentacle-slap the mummy.
The mummy is heavily damaged.
You constrict the mummy. The mummy barely misses you. The mummy hits you!
* * * LOW HITPOINT WARNING * * *
You feel yourself speed up.
You constrict the mummy. The mummy misses you. The mummy barely misses you.
The mummy hits you.
* * * LOW HITPOINT WARNING * * *
You tentacle-slap the mummy. You grab the mummy.
The mummy is moderately damaged.
You constrict the mummy. x2
You tentacle-slap the mummy.
The mummy is moderately damaged.
You constrict the mummy. x2; The mummy closely misses you.
You tentacle-slap the mummy.
The mummy is heavily damaged.
You constrict the mummy.
You constrict the mummy, but do no damage.
The mummy closely misses you. The mummy barely misses you.
You tentacle-slap the mummy but do no damage.
The mummy is heavily damaged.
You constrict the mummy. x2
You tentacle-slap the mummy. You squeeze the mummy.
You destroy the mummy!
You constrict the mummy. The mummy barely misses you.
Your Stealth skill increases to level 9!
Unknown command.
You tentacle-slap the mummy. You grab the mummy.
The mummy is lightly damaged.
You constrict the mummy.
You destroy the mummy!
You constrict the mummy. You tentacle-slap the mummy.
The mummy is lightly damaged.
You constrict the mummy, but do no damage.
You barely miss the mummy. You squeeze the mummy!
The mummy is heavily damaged.
You constrict the mummy. The mummy hits you!
Ouch! That really hurt!
You die...

###
######..#
#....@.##
+.∩.∩.M.#
#......##
######..#
###


You could see a mummy.

Vanquished Creatures
  A hound (D:4)
  A jelly (D:4)
  3 mummies
  A goblin (D:4)
  4 jackals (D:4)
  A kobold (D:4)
  2 kobold zombies (D:4)
13 creatures vanquished.

Notes
Turn   | Place    | Note
-------+----------+-------------------------------------------
     0 | D:5      | Maxmaps the Octopode Delver began the quest for the Orb.
     0 | D:5      | Reached XP level 1. HP: 16/16 MP: 1/1
     9 | D:4      | Noticed a hound
    15 | D:4      | Killed a hound
    16 | D:4      | Reached skill level 8 in Stealth
    16 | D:4      | Reached XP level 2. HP: 17/21 MP: 2/2
    16 | D:4      | Reached XP level 3. HP: 21/26 MP: 3/3
   106 | D:4      | Reached XP level 4. HP: 29/31 MP: 4/4
   225 | D:4      | Found a glowing silver altar of Zin.
   272 | D:4      | Found a sand-covered staircase.
   320 | Ossuary  | Entered an ossuary
   333 | Ossuary  | Reached skill level 9 in Stealth
   335 | Ossuary  | Mangled by a mummy

Illustrated notes

Levels and vault maps discovered:
D:4:      layout_loops_corners, zin_statuary, nicolae_ossuary_entry_giza,
          chequers_serial_rivers_large_b, uniq_pikel, uniq_eustachio
D:5:      layout_loops_cross, mainiacjoe_overflow_divided_tiny
Ossuary:  ossuary_minmay_chase

Skill      XL: |  1  2  3  4 |
---------------+-------------+-----
Stealth        | 8 9 |  9.3
Fighting       | |  3.0
Dodging        | |  2.0
Unarmed Combat | |  2.0

Action                     |  1- 3 |  4- 6 || total
---------------------------+-------+-------++-------
  Melee: Unarmed           |     7 |    36 ||    43
         Tentacles         |     3 |     8 ||    11
         Constrict         |     1 |    11 ||    12
    Use: Potion            |       |     2 ||     2
   Stab: Sleeping          |       |     5 ||     5
 Armour: Skin              |     3 |    15 ||    18
  Dodge: Dodged            |     4 |    28 ||    32

Table legend: (Time is in decaauts)
 A = Elapsed time spent in this place.
 B = Non-inter-level travel time spent in this place.
 C = Inter-level travel time spent in this place.
 D = Time resting spent in this place.
 E = Time spent auto-exploring this place.
 F = Levels seen in this place.
 G = Mean time per level.
                   A        B        C        D        E       F      G
               +--------+--------+--------+--------+--------+-----+--------+
         Total |    330 |    295 |     35 |      0 |    173 |   3 |  110.0 |
       Dungeon |    318 |    283 |     35 |      0 |    173 |   2 |  159.0 |
       Ossuary |     12 |     12 |      0 |      0 |      0 |   1 |   12.0 |
               +--------+--------+--------+--------+--------+-----+--------+

Top non-repeatable levels by time:
     D:4: 309 daAuts
 Ossuary: 12 daAuts
     D:5: 9 daAuts
